 Dungeon Crawl Stone Soup version 0.26.1-11-gd32895ea62 (webtiles) character file.

Game seed: 5024002405522334749

147 Kukuleta the Ducker (level 5, -3/41 HPs)
             Began as a Demonspawn Gladiator on July 1, 2021.
             Was a Follower of Kikubaaqudgha.
             Slain by Natasha (4 damage)
             ... on level 2 of the Dungeon.
             The game lasted 00:09:39 (2120 turns).

Kukuleta the Ducker (Demonspawn Gladiator)          Turns: 2120, Time: 00:09:42

Health: -3/41      AC:  6    Str: 14    XL:     5   Next: 8%
Magic:  4/5        EV: 17    Int: 11    God:    Kikubaaqudgha [*.....]
Gold:   132        SH:  0    Dex: 14    Spells: 3/4 levels left

rFire    + . .     SeeInvis .   a - +0 long sword
rCold    x . .     Faith    .   (no shield)
rNeg     . . .     Spirit   .   b - +0 leather armour
rPois    .         Reflect  .   c - +0 helmet
rElec    .         Harm     .   u - scarf {+Inv}
rCorr    .         Rampage  .   (no gloves)
Will     .....                  (no boots)
Stlth    +.........             (no amulet)
HPRegen  0.13/turn              j - +4 ring of evasion
MPRegen  0.09/turn              k - ring of fire

@: no status effects
A: claws 1, icy blue scales 1, powered by pain 1
a: Renounce Religion, Evoke Invisibility, Receive Corpses


You were on level 2 of the Dungeon.
You worshipped Kikubaaqudgha.
Kikubaaqudgha was aware of your devotion.
You visited 1 branch of the dungeon, and saw 3 of its levels.

You collected 132 gold pieces.

Inventory:

Hand Weapons
 a - a +0 long sword (weapon)
Missiles
 d - 3 throwing nets (quivered)
Armour
 b - a +0 leather armour (worn)
 c - a +0 helmet (worn)
 u - a scarf of invisibility (worn)
Jewellery
 j - a +4 ring of evasion (left claw)
 k - a ring of fire (right claw)
 v - an uncursed amulet of the acrobat {unknown}
Scrolls
 g - a scroll of enchant weapon {unknown}
 i - a scroll of blinking {unknown}
 l - a scroll of random uselessness {unknown}
 m - 2 scrolls of identify
 n - a scroll of remove curse {unknown}
 p - a scroll of enchant armour {unknown}
 r - a scroll of teleportation {unknown}
 s - a scroll of immolation {unknown}
 t - a scroll of magic mapping {unknown}
Potions
 e - a potion of might {unknown}
 f - 3 potions of degeneration {unknown}
 h - 2 potions of curing
 o - a potion of brilliance {unknown}
 q - a potion of flight {unknown}


   Skills:
 + Level 3.0 Fighting
 - Level 3.1 Long Blades
 - Level 1.7 Throwing
 + Level 1.8 Armour
 + Level 3.3 Dodging
 * Level 2.1 Necromancy


You had 3 spell levels left.
You knew the following spells:

 Your Spells              Type           Power        Failure   Level
a - Pain                  Necr           16%          19%         1

Your spell library contained the following spells:

 Spells                   Type           Power        Failure   Level
 Animate Skeleton         Necr           8%           19%         1
 Sublimation of Blood     Necr           2%           28%         2
 Vampiric Draining        Necr           2%           50%         3


Dungeon Overview and Level Annotations

Branches:
Dungeon (3/15)

Altars:
Ashenzari
Dithmenos
Kikubaaqudgha
Ru
Yredelemnul
Zin

Shops:
D:2 *

Annotations:
D:2 Natasha


Innate Abilities, Weirdness & Mutations

You have sharp fingernails.
You are partially covered in icy blue scales. (AC +2)
You sometimes gain a little power by taking damage.


Message History

* * * LOW HITPOINT WARNING * * *
The iron imp closely misses you.
You closely miss Natasha.
Natasha is heavily wounded.
Natasha misses you. The iron imp barely misses you.
You riposte.
You hit the iron imp but do no damage.
The iron imp is moderately wounded.
You barely miss Natasha.
Natasha is heavily wounded.
Natasha stares at you and mumbles some strange words.
The magic dart hits you.
* * * LOW HITPOINT WARNING * * *
You closely miss Natasha.
Natasha is heavily wounded.
Natasha mumbles some strange words.
The iron imp hits you.
* * * LOW HITPOINT WARNING * * *
Natasha claws you.
You die...
Kikubaaqudgha rasps: "You have failed me!
Welcome... death!"

#.............####..
###.........#.###..>
#.................
#.........#......#
#.........#.####.#
#.........#.####.#
##..............#..
#>.h.......###).รท..
#.@5......####.....
#....5..........##.
###.##.######..###.
#.##.# #......
#.##.# #...##.
###..#.## #...##.
#.......# #...###
#.......# #...#
#.......# #...#


You could see an iron imp (summoned), Natasha and a shadow imp (summoned).

Vanquished Creatures
  Natasha (D:2)
  Robin (D:3)
  3 adders
  An ooze (D:3)
  2 leopard geckos
  4 bats (D:2)
  3 bat zombies (D:2)
  7 giant cockroaches
  17 goblins
  8 hobgoblins
  6 jackals
  5 kobolds
  A ball python (D:3)
  2 frilled lizards
  4 rats (D:2)
  2 rat zombies (D:2)
67 creatures vanquished.

Notes
Turn   | Place    | Note
-------+----------+-------------------------------------------
     0 | D:1      | Kukuleta the Demonspawn Gladiator began the quest for the
                  | Orb.
     0 | D:1      | Reached XP level 1. HP: 16/16 MP: 1/1
   275 | D:1      | Gained mutation: You sometimes gain a little power by
                  | taking damage. [demonic ancestry]
   275 | D:1      | Reached XP level 2. HP: 15/22 MP: 2/2
   921 | D:2      | Found an ancient bone altar of Kikubaaqudgha.
   941 | D:2      | Became a worshipper of Kikubaaqudgha
   985 | D:2      | Reached skill level 1 in Armour
   990 | D:2      | Found a sacrificial altar of Ru.
  1025 | D:2      | Gained mutation: You are partially covered in icy blue
                  | scales. (AC +2) [demonic ancestry]
  1025 | D:2      | Reached XP level 3. HP: 28/28 MP: 3/3
  1106 | D:2      | Found Zin's Purification Station.
  1106 | D:2      | Found a glowing silver altar of Zin.
  1127 | D:2      | Reached * piety under Kikubaaqudgha
  1127 | D:2      | Identified Kikubaaqudgha's Collected Works on Evil Rituals
                  | (Kikubaaqudgha gifted it to you on level 2 of the Dungeon)
  1127 | D:2      | Received a gift from Kikubaaqudgha
  1133 | D:2      | Learned a level 1 spell: Pain
  1193 | D:2      | Found a broken altar of Ashenzari.
  1576 | D:3      | Gained mutation: You have sharp fingernails. [demonic
                  | ancestry]
  1576 | D:3      | Reached XP level 4. HP: 33/34 MP: 4/4
  1608 | D:3      | Reached skill level 1 in Necromancy
  1658 | D:3      | Noticed Robin
  1667 | D:3      | Killed Robin
  1925 | D:3      | Found a shadowy altar of Dithmenos.
  1929 | D:3      | Found a basalt altar of Yredelemnul.
  1991 | D:3      | Noticed Natasha
  2074 | D:2      | Killed Natasha
  2075 | D:2      | Reached XP level 5. HP: 18/41 MP: 5/5
  2108 | D:2      | Noticed Natasha
  2120 | D:2      | HP: 1/41 [iron imp[Natasha] (3)]
  2120 | D:2      | Slain by Natasha

Illustrated notes

Levels and vault maps discovered:
D:1:      lightli_arrival_windingriver, layout_loops_cross, wad_floor_pattern_2
D:2:      layout_rooms, nicolae_ru_path_of_blood, zin_purify,
          ashenzari_conservatory_becter, lemuel_zombie_altar_kikubaaqudgha,
          minmay_close_crescents
D:3:      kennysheep_goblin_castle, layout_loops_cross, old_standard_altar,
          chequers_temple_overflow_statue_of_worship, uniq_natasha

Skill      XL: |  1  2  3  4 |
---------------+-------------+-----
Dodging        | 3 |  3.3
Long Blades    | 3 |  3.1
Armour         | 1 |  1.8
Necromancy     | 2 |  2.1
Fighting       | 3 |  3.0
Throwing       | |  1.7

Action                   |  1- 3 |  4- 6 || total
-------------------------+-------+-------++-------
Melee: Long sword        |    87 |    64 ||   151
 Cast: Pain              |       |     1 ||     1
  Use: Scroll            |     2 |     1 ||     3
Armor: Leather armour    |    22 |    19 ||    41
Dodge: Dodged            |    82 |    83 ||   165
       Rpst.: Long sword |    28 |    31 ||    59
